TOP OF THE 1ST |
Washington Nationals batting - Pitching for Tampa Bay Rays : RHP Michael Pineda
|
Pitching: RHP Michael Pineda
|
|
Batting: LHB Joe Panik
|
0-0: Ball 1-0: Swinging Strike 1-1: Foul Ball, location: 2F 1-2: Ground out 1-3 (Groundball, 23)
|
Batting: LHB Andrew Benintendi
|
0-0: Foul Ball, location: 2F 0-1: Ball 1-1: Foul Ball, location: 2F 1-2: Ball 2-2: Foul Ball, location: 2F 2-2: DOUBLE (Groundball, 5L)
|
Batting: RHB Marcell Ozuna
|
0-0: Ball 1-0: Ball 2-0: Called Strike 2-1: Ground out 6-3 (Groundball, 6M) Andrew Benintendi to third
|
Batting: RHB Yulieski Gurriel
|
0-0: DOUBLE (Line Drive, 9LM) Andrew Benintendi scores
|
Batting: LHB Yonder Alonso
|
0-0: Ball 1-0: Called Strike 1-1: Called Strike 1-2: Ball 2-2: Foul Ball, location: 2F 2-2: Ball 3-2: Base on Balls
|
Batting: RHB Chris Taylor
|
0-0: Ground out 5-3 (Groundball, 5L)
|
Top of the 1st over - 1 run, 2 hits, 0 errors, 2 left on base; Washington 1 - Tampa Bay 0 |
BOTTOM OF THE 1ST |
Tampa Bay Rays batting - Pitching for Washington Nationals : RHP Nathan Karns
|
Pitching: RHP Nathan Karns
|
|
Batting: LHB Michael Conforto
|
0-0: Ball 1-0: Ball 2-0: SINGLE (Groundball, 4MD)
|
Batting: RHB A.J. Pollock
|
0-0: Called Strike 0-1: Fly out, F8 (Line Drive, 8RM)
|
Batting: LHB Joey Votto
|
0-0: Ball 1-0: Ball 2-0: Foul Ball, location: 2F 2-1: Foul Ball, location: 2F 2-2: Ball 3-2: Fielders Choice at 2nd, 1-6 (Groundball, 34S)
|
Batting: RHB Gary Sanchez
|
0-0: Called Strike 0-1: Swinging Strike 0-2: Ball 1-2: Ball 2-2: Strikes out swinging
|
Bottom of the 1st over - 0 runs, 1 hit, 0 errors, 1 left on base; Washington 1 - Tampa Bay 0 |
TOP OF THE 2ND |
Washington Nationals batting - Pitching for Tampa Bay Rays : RHP Michael Pineda
|
Batting: RHB Tyler Flowers
|
0-0: Ball 1-0: Fly out, F7 (Flyball, 7LS)
|
Batting: RHB Steve Pearce
|
0-0: Foul Ball, location: 2F 0-1: Foul Ball, location: 2F 0-2: Strikes out swinging
|
Batting: SHB Aaron Hicks
|
0-0: SINGLE (Flyball, 9S)
|
Batting: LHB Joe Panik
|
0-0: Ball 1-0: Ball 2-0: Foul Ball, location: 2F 2-1: Foul Ball, location: 2F 2-2: Foul Ball, location: 2F 2-2: Foul Ball, location: 2F 2-2: Ground out 4-3 (Groundball, 4S)
|
Top of the 2nd over - 0 runs, 1 hit, 0 errors, 1 left on base; Washington 1 - Tampa Bay 0 |
BOTTOM OF THE 2ND |
Tampa Bay Rays batting - Pitching for Washington Nationals : RHP Nathan Karns
|
Batting: LHB Adam Eaton
|
0-0: Ball 1-0: Ball 2-0: Swinging Strike 2-1: Ball 3-1: Foul Ball, location: 2F 3-2: Base on Balls
|
Batting: SHB Neil Walker
|
0-0: Sac Bunt to 2R - play at first, batter OUT! 2-3 Adam Eaton to second
|
Batting: RHB Adrian Beltre
|
0-0: Ball 1-0: Ball 2-0: Called Strike 2-1: Ball 3-1: Base on Balls
|
Batting: SHB Robbie Grossman
|
0-0: Ball 1-0: Foul Ball, location: 2F 1-1: Fly out, F3 (Line Drive, 3) Lined into DP, U3 (Line Drive, 3)
|
Bottom of the 2nd over - 0 runs, 0 hits, 0 errors, 1 left on base; Washington 1 - Tampa Bay 0 |
TOP OF THE 3RD |
Washington Nationals batting - Pitching for Tampa Bay Rays : RHP Michael Pineda
|
Batting: LHB Andrew Benintendi
|
0-0: Ball 1-0: Foul Ball, location: 2F 1-1: Ball 2-1: Ball 3-1: Fly out, F7 (Flyball, 78S)
|
Batting: RHB Marcell Ozuna
|
0-0: Ball 1-0: Called Strike 1-1: Ball 2-1: SINGLE (Line Drive, 89M)
|
Batting: RHB Yulieski Gurriel
|
0-0: Ball 1-0: Ball 2-0: Grounds into double play, 5-4-3 (Groundball, 5)
|
Top of the 3rd over - 0 runs, 1 hit, 0 errors, 0 left on base; Washington 1 - Tampa Bay 0 |
BOTTOM OF THE 3RD |
Tampa Bay Rays batting - Pitching for Washington Nationals : RHP Nathan Karns
|
Batting: RHB Matt Duffy
|
0-0: Ball 1-0: Foul Ball, location: 2F 1-1: Ball 2-1: Ball 3-1: Bunt - Flyout to 13! F1
|
Batting: LHB Michael Conforto
|
0-0: Called Strike 0-1: Fly out, F8 (Flyball, 8RXD)
|
Batting: RHB A.J. Pollock
|
0-0: Foul Ball, location: 2F 0-1: Ball 1-1: Called Strike 1-2: Foul Ball, location: 2F 1-2: Ball 2-2: Strikes out swinging
|
Bottom of the 3rd over - 0 runs, 0 hits, 0 errors, 0 left on base; Washington 1 - Tampa Bay 0 |
TOP OF THE 4TH |
Washington Nationals batting - Pitching for Tampa Bay Rays : RHP Michael Pineda
|
Batting: LHB Yonder Alonso
|
0-0: Called Strike 0-1: Ball 1-1: Ground out 5-3 (Groundball, 56)
|
Batting: RHB Chris Taylor
|
0-0: SINGLE (Groundball, 4MD)
|
Batting: RHB Tyler Flowers
|
0-0: SINGLE (Groundball, 6MD) Chris Taylor to second Runner from 2nd tries for 3rd, SAFE, throw by CF made to third
|
Batting: RHB Steve Pearce
|
0-0: Ball 1-0: Foul Ball, location: 2F 1-1: SINGLE (Groundball, 6MD) Chris Taylor scores Tyler Flowers to second
|
Batting: SHB Aaron Hicks
|
0-0: Ball 1-0: Swinging Strike 1-1: Foul Ball, location: 2F 1-2: Ball 2-2: Strikes out swinging
|
Batting: LHB Joe Panik
|
0-0: Ball 1-0: Ball 2-0: SINGLE (Groundball, 56D) Tyler Flowers to third Steve Pearce to second Runner from 3rd tries for Home, SAFE, no throw by LF
|
Batting: LHB Andrew Benintendi
|
0-0: Swinging Strike 0-1: Swinging Strike 0-2: Strikes out swinging
|
Top of the 4th over - 2 runs, 4 hits, 0 errors, 2 left on base; Washington 3 - Tampa Bay 0 |
BOTTOM OF THE 4TH |
Tampa Bay Rays batting - Pitching for Washington Nationals : RHP Nathan Karns
|
Batting: LHB Joey Votto
|
0-0: Swinging Strike 0-1: Ball 1-1: Ball 2-1: Ball 3-1: Called Strike 3-2: SINGLE (Flyball, 8RS)
|
Batting: RHB Gary Sanchez
|
0-0: Ball 1-0: Foul Ball, location: 2F 1-1: Swinging Strike 1-2: Ball 2-2: Strikes out swinging
|
Batting: LHB Adam Eaton
|
0-0: Ball 1-0: Ball 2-0: DOUBLE (Line Drive, 78D) Joey Votto to third
|
Batting: SHB Neil Walker
|
0-0: Ball 1-0: Foul Ball, location: 2F 1-1: Ball 2-1: Foul Ball, location: 2F 2-2: Fly out, F8 (Flyball, 78S)
|
Batting: RHB Adrian Beltre
|
0-0: Foul Ball, location: 2F 0-1: SINGLE (Line Drive, 56D) Joey Votto scores Adam Eaton to third Runner from 3rd tries for Home, SAFE, no throw by LF
|
Batting: SHB Robbie Grossman
|
0-0: Ball 1-0: Foul Ball, location: 2F 1-1: Swinging Strike 1-2: Foul Ball, location: 2F 1-2: Ball 2-2: Strikes out looking
|
Bottom of the 4th over - 2 runs, 3 hits, 0 errors, 1 left on base; Washington 3 - Tampa Bay 2 |
TOP OF THE 5TH |
Washington Nationals batting - Pitching for Tampa Bay Rays : RHP Michael Pineda
|
Batting: RHB Marcell Ozuna
|
0-0: Called Strike 0-1: Ball 1-1: Called Strike 1-2: Fly out, F9 (Flyball, 9)
|
Batting: RHB Yulieski Gurriel
|
0-0: Ball 1-0: Ball 2-0: Called Strike 2-1: Ball 3-1: Foul Ball, location: 2F 3-2: Base on Balls
|
Batting: LHB Yonder Alonso
|
0-0: Ball 1-0: Called Strike 1-1: Ball 2-1: Called Strike 2-2: Strikes out swinging Yulieski Gurriel steals 2nd, throwing error, E2 Yulieski Gurriel to third
|
Batting: RHB Chris Taylor
|
0-0: Called Strike 0-1: Ball 1-1: SINGLE (Groundball, 4MD) Yulieski Gurriel scores
|
Batting: RHB Tyler Flowers
|
0-0: Ball 1-0: Fly out, F7 (Flyball, 7S)
|
Top of the 5th over - 1 run, 1 hit, 1 error, 1 left on base; Washington 4 - Tampa Bay 2 |
BOTTOM OF THE 5TH |
Tampa Bay Rays batting - Pitching for Washington Nationals : RHP Nathan Karns
|
Batting: RHB Matt Duffy
|
0-0: Foul Ball, location: 2F 0-1: Foul Ball, location: 2F 0-2: Ball 1-2: Ball 2-2: Foul Ball, location: 2F 2-2: Strikes out swinging
|
Pitching: LHP Aaron Loup
|
|
Batting: LHB Michael Conforto
|
0-0: Ball 1-0: Fly out, F7 (Flyball, 7LM)
|
Batting: RHB A.J. Pollock
|
0-0: Called Strike 0-1: Foul Ball, location: 2F 0-2: Ball 1-2: Ball 2-2: Ball 3-2: Strikes out swinging
|
Bottom of the 5th over - 0 runs, 0 hits, 0 errors, 0 left on base; Washington 4 - Tampa Bay 2 |
TOP OF THE 6TH |
Washington Nationals batting - Pitching for Tampa Bay Rays : RHP Michael Pineda
|
Pitching: RHP Darren O'Day
|
|
Batting: RHB Steve Pearce
|
0-0: Called Strike 0-1: Ball 1-1: Called Strike 1-2: Strikes out swinging
|
Batting: SHB Aaron Hicks
|
0-0: Called Strike 0-1: Ball 1-1: DOUBLE (Line Drive, 3D)
|
Batting: LHB Joe Panik
|
0-0: Ground out 4-3 (Groundball, 4) Aaron Hicks to third
|
Batting: LHB Andrew Benintendi
|
0-0: Ball 1-0: Ball 2-0: Foul Ball, location: 2F 2-1: Swinging Strike 2-2: Ball 3-2: Strikes out swinging
|
Top of the 6th over - 0 runs, 1 hit, 0 errors, 1 left on base; Washington 4 - Tampa Bay 2 |
BOTTOM OF THE 6TH |
Tampa Bay Rays batting - Pitching for Washington Nationals : LHP Aaron Loup
|
Batting: LHB Joey Votto
|
0-0: Ball 1-0: Foul Ball, location: 2F 1-1: Foul Ball, location: 2F 1-2: Strikes out swinging
|
Batting: RHB Gary Sanchez
|
0-0: Called Strike 0-1: Ball 1-1: Swinging Strike 1-2: Ball 2-2: Strikes out swinging
|
Batting: LHB Adam Eaton
|
0-0: Ball 1-0: Called Strike 1-1: Ground out 6-3 (Groundball, 56D)
|
Bottom of the 6th over - 0 runs, 0 hits, 0 errors, 0 left on base; Washington 4 - Tampa Bay 2 |
TOP OF THE 7TH |
Washington Nationals batting - Pitching for Tampa Bay Rays : RHP Darren O'Day
|
Pitching: LHP Chasen Shreve
|
|
Batting: RHB Marcell Ozuna
|
0-0: Swinging Strike 0-1: Swinging Strike 0-2: Strikes out swinging
|
Batting: RHB Yulieski Gurriel
|
0-0: Hit by Pitch
|
Batting: LHB Yonder Alonso
|
0-0: Foul Ball, location: 2F 0-1: Ball 1-1: Reached on error, E7 (Flyball, 7LS) Yulieski Gurriel to second
|
Batting: RHB Chris Taylor
|
0-0: Called Strike 0-1: Ball 1-1: Swinging Strike 1-2: Ball 2-2: Ball 3-2: Strikes out swinging
|
Batting: RHB Tyler Flowers
|
0-0: Ball 1-0: Ball 2-0: Ball 3-0: Swinging Strike 3-1: Fly out, F7 (Flyball, 7)
|
Top of the 7th over - 0 runs, 0 hits, 1 error, 2 left on base; Washington 4 - Tampa Bay 2 |
BOTTOM OF THE 7TH |
Tampa Bay Rays batting - Pitching for Washington Nationals : LHP Aaron Loup
|
Pitching: RHP Joakim Soria
|
|
Batting: SHB Neil Walker
|
0-0: Ball 1-0: Ball 2-0: Swinging Strike 2-1: Ball 3-1: Base on Balls
|
Batting: RHB Adrian Beltre
|
0-0: Called Strike 0-1: Called Strike 0-2: Foul Ball, location: 2F 0-2: Ball 1-2: Ball 2-2: Strikes out swinging
|
Batting: SHB Robbie Grossman
|
0-0: Called Strike 0-1: Fielders Choice at 2nd, 5-4 (Groundball, 56)
|
Batting: RHB Matt Duffy
|
0-0: Ball 1-0: Ball 2-0: Called Strike 2-1: Ball 3-1: Swinging Strike 3-2: SINGLE (Line Drive, 8RS) Robbie Grossman to second Robbie Grossman to third
|
Batting: LHB Michael Conforto
|
0-0: Foul Ball, location: 2F 0-1: Ball 1-1: Ball 2-1: SINGLE (Line Drive, 9LS) Robbie Grossman scores Matt Duffy to second Runner from 2nd tries for 3rd, SAFE, no throw by RF
|
Batting: RHB A.J. Pollock
|
0-0: Ball 1-0: Called Strike 1-1: Swinging Strike 1-2: Strikes out swinging
|
Bottom of the 7th over - 1 run, 2 hits, 0 errors, 2 left on base; Washington 4 - Tampa Bay 3 |
TOP OF THE 8TH |
Washington Nationals batting - Pitching for Tampa Bay Rays : LHP Chasen Shreve
|
Pitching: LHP James Pazos
|
|
Batting: RHB Steve Pearce
|
0-0: Called Strike 0-1: Foul Ball, location: 2F 0-2: Ball 1-2: Ball 2-2: Fly out, F8 (Flyball, 78D)
|
Batting: SHB Aaron Hicks
|
0-0: Ball 1-0: Ball 2-0: Called Strike 2-1: Foul Ball, location: 2F 2-2: Ball 3-2: SINGLE (Flyball, 7LS)
|
Batting: LHB Joe Panik
|
0-0: Ball 1-0: SINGLE (Groundball, 56D) Aaron Hicks to second
|
Batting: LHB Andrew Benintendi
|
0-0: Called Strike 0-1: Ball 1-1: Called Strike 1-2: Ball 2-2: Strikes out swinging
|
Batting: RHB Marcell Ozuna
|
0-0: Ball 1-0: Swinging Strike 1-1: Called Strike 1-2: Strikes out swinging
|
Top of the 8th over - 0 runs, 2 hits, 0 errors, 2 left on base; Washington 4 - Tampa Bay 3 |
BOTTOM OF THE 8TH |
Tampa Bay Rays batting - Pitching for Washington Nationals : RHP Joakim Soria
|
Pitching: RHP Alex Reyes
|
|
Batting: LHB Joey Votto
|
0-0: Ball 1-0: Ball 2-0: Ball 3-0: Called Strike 3-1: Foul Ball, location: 2F 3-2: SOLO HOME RUN (Flyball, 7D), Distance : 373 ft
|
Batting: RHB Gary Sanchez
|
0-0: Fly out, F9 (Flyball, 9)
|
Batting: LHB Adam Eaton
|
0-0: Ball 1-0: Called Strike 1-1: Ball 2-1: Called Strike 2-2: Foul Ball, location: 2F 2-2: Fly out, F7 (Flyball, 7D)
|
Batting: SHB Neil Walker
|
0-0: Ball 1-0: SINGLE (Groundball, 3D)
|
Batting: RHB Adrian Beltre
|
0-0: Ball 1-0: Ball 2-0: Ball 3-0: Base on Balls Neil Walker to second
|
Pitching: RHP David Robertson
|
|
Batting: SHB Robbie Grossman
|
0-0: Ball 1-0: Called Strike 1-1: Swinging Strike 1-2: Ball 2-2: Ball 3-2: Base on Balls Neil Walker to third Adrian Beltre to second
|
Batting: RHB Matt Duffy
|
0-0: Called Strike 0-1: Called Strike 0-2: Strikes out looking
|
Bottom of the 8th over - 1 run, 2 hits, 0 errors, 3 left on base; Washington 4 - Tampa Bay 4 |
TOP OF THE 9TH |
Washington Nationals batting - Pitching for Tampa Bay Rays : LHP James Pazos
|
Pitching: RHP Keone Kela
|
|
Batting: RHB Yulieski Gurriel
|
0-0: Ball 1-0: Ground out 5-3 (Groundball, 56S)
|
Batting: LHB Yonder Alonso
|
0-0: Ball 1-0: Fly out, F7 (Flyball, 78S)
|
Batting: RHB Chris Taylor
|
0-0: Ball 1-0: Swinging Strike 1-1: Ground out 1-3 (Groundball, 13)
|
Top of the 9th over - 0 runs, 0 hits, 0 errors, 0 left on base; Washington 4 - Tampa Bay 4 |
BOTTOM OF THE 9TH |
Tampa Bay Rays batting - Pitching for Washington Nationals : RHP David Robertson
|
Batting: LHB Michael Conforto
|
0-0: Called Strike 0-1: Ball 1-1: Ball 2-1: Foul Ball, location: 2F 2-2: Strikes out looking
|
Batting: RHB A.J. Pollock
|
0-0: Fly out, F9 (Flyball, 9LS)
|
Batting: LHB Joey Votto
|
0-0: Called Strike 0-1: Foul Ball, location: 2F 0-2: Ball 1-2: Ball 2-2: Fly out, F8 (Flyball, 8LD)
|
Bottom of the 9th over - 0 runs, 0 hits, 0 errors, 0 left on base; Washington 4 - Tampa Bay 4 |
TOP OF THE 10TH |
Washington Nationals batting - Pitching for Tampa Bay Rays : RHP Keone Kela
|
Pitching: RHP Erasmo Ramirez
|
|
Batting: RHB Tyler Flowers
|
0-0: Foul Ball, location: 2F 0-1: Foul Ball, location: 2F 0-2: Ball 1-2: SINGLE (Line Drive, 89S)
|
Batting: RHB Steve Pearce
|
0-0: Foul Ball, location: 2F 0-1: Ball 1-1: SINGLE (Flyball, 4MD) Tyler Flowers to second
|
Batting: SHB Aaron Hicks
|
0-0: Ball 1-0: Foul Ball, location: 2F 1-1: Ball 2-1: Foul Ball, location: 2F 2-2: Foul Ball, location: 2F 2-2: Fly out, F5 (Popup, P)
|
Batting: LHB Joe Panik
|
0-0: Swinging Strike 0-1: Ball 1-1: SINGLE (Line Drive, 89S) Tyler Flowers to third Steve Pearce to second
|
Batting: LHB Andrew Benintendi
|
0-0: Ball 1-0: Fly out, F9 (Flyball, 9LM) Runner from 3rd tags up, SCORES, throw by RF Steve Pearce to third
|
Batting: RHB Marcell Ozuna
|
0-0: Foul Ball, location: 2F 0-1: Foul Ball, location: 2F 0-2: Ball 1-2: DOUBLE (Flyball, 89XD) Steve Pearce scores Joe Panik to third
|
Batting: RHB Yulieski Gurriel
|
0-0: Called Strike 0-1: Fly out, F4 (Popup, 34)
|
Top of the 10th over - 2 runs, 4 hits, 0 errors, 2 left on base; Washington 6 - Tampa Bay 4 |
BOTTOM OF THE 10TH |
Tampa Bay Rays batting - Pitching for Washington Nationals : RHP David Robertson
|
Batting: RHB Gary Sanchez
|
0-0: Foul Ball, location: 2F 0-1: Called Strike 0-2: Ball 1-2: Ball 2-2: Ball 3-2: Strikes out swinging
|
Batting: LHB Adam Eaton
|
0-0: Called Strike 0-1: Foul Ball, location: 2F 0-2: Foul Ball, location: 2F 0-2: Ball 1-2: Foul Ball, location: 2F 1-2: Ground out 1-3 (Groundball, 13S)
|
Batting: SHB Neil Walker
|
0-0: SOLO HOME RUN (Flyball, 7D), Distance : 366 ft
|
Batting: RHB Adrian Beltre
|
0-0: Foul Ball, location: 2F 0-1: Ball 1-1: Called Strike 1-2: Ball 2-2: Foul Ball, location: 2F 2-2: Foul Ball, location: 2F 2-2: Reached on error, E2 (Groundball, 2L)
|
Batting: SHB Robbie Grossman
|
0-0: Ball 1-0: Called Strike 1-1: Ball 2-1: Foul Ball, location: 2F 2-2: Foul Ball, location: 2F 2-2: Ground out U3 (Groundball, 3)
|
Bottom of the 10th over - 1 run, 1 hit, 1 error, 1 left on base; Washington 6 - Tampa Bay 5 |
|